 Dungeon Crawl Stone Soup version 0.25.1-2-g60ff931df9 (webtiles) character file.

Game seed: 2745035356644628685

129 gruber the Poker (level 4, -3/39 HPs)
             Began as a Minotaur Fighter on Aug 21, 2020.
             Killed by divine providence
             ... invoked by an orc priest
              (12 damage)
             ... on level 3 of the Dungeon.
             The game lasted 00:03:49 (2456 turns).

gruber the Poker (Minotaur Fighter)                 Turns: 2456, Time: 00:03:50

Health: -3/39      AC:  9    Str: 22    XL:     4   Next: 88%
Magic:  3/3        EV:  7    Int:  5    God:
Gold:   113        SH:  9    Dex:  9    Spells: 3/3 levels left

rFire    . . .     SeeInvis .   a - +1 trident
rCold    . . .     Gourm    .   c - +0 kite shield
rNeg     . . .     Faith    .   b - +0 scale mail
rPois    +         Spirit   .   (helmet restricted)
rElec    .         Reflect  .   (no cloak)
rCorr    .         Harm     .   g - +1 pair of gloves
MR       .....                  (no boots)
Stlth    ..........             k - amulet of inaccuracy (curse)
HPRegen  0.13/turn              o - ring of poison resistance
MPRegen  0.08/turn              (no ring)

@: no status effects
A: retaliatory headbutt, horns 2
a: no special abilities


You were on level 3 of the Dungeon.
You were not hungry.

You visited 1 branch of the dungeon, and saw 4 of its levels.

You collected 113 gold pieces.

Inventory:

Hand Weapons
 a - a +1 trident (weapon)
Missiles
 j - 11 poisoned darts (quivered)
Armour
 b - a +0 scale mail (worn)
 c - a +0 kite shield (worn)
 g - a +1 pair of gloves (worn)
Jewellery
 k - a cursed amulet of inaccuracy (around neck)
 o - a ring of poison resistance (left hand)
Wands
 h - a wand of disintegration (12)
Scrolls
 i - 3 scrolls of identify
 n - 3 scrolls of teleportation
Potions
 d - a potion of might
 e - a potion of curing
 l - a potion of cancellation {unknown}
 m - a potion of haste {unknown}
Comestibles
 f - 10 rations


   Skills:
 - Level 3.6 Fighting
 + Level 6.2 Polearms
 - Level 3.6 Armour
 - Level 3.6 Shields


You had 3 spell levels left.
You didn't know any spells.
Your spell library was empty.

Dungeon Overview and Level Annotations

Branches:
Dungeon (4/15)
 Temple: D:4-7

Altars:
Ashenzari
Hepliaklqana
Qazlal
Yredelemnul

Annotations:
D:2 Robin, Sigmund
D:3 1 runed translucent door, Crazy Yiuf


Innate Abilities, Weirdness & Mutations

You reflexively headbutt those who attack you in melee.
You have a pair of horns on your head.


Message History

* * * LOW HITPOINT WARNING * * *
Unknown command.
You miss the orc priest. Your headbutt misses the orc priest.
The orc priest is moderately wounded.
The orc hits you with a +0 short sword.
* * * LOW HITPOINT WARNING * * *
The orc priest looks braver for a moment.
The orc barely misses you. The orc hits you but does no damage.
Unknown command.
Unknown command.
You feel better. The orc closely misses you. You furiously retaliate!
You headbutt the orc. The orc priest hits you.
* * * LOW HITPOINT WARNING * * *
You block the orc's attack.
You puncture the orc priest! Your headbutt misses the orc priest.
The orc priest is almost dead.
You block the orc's attack.
The orc priest calls down the wrath of Beogh upon you.
Beogh smites you!
You die...

#.###[# #.# #.# ######
#.###.# #.....
#####.<...# #.####
...##..#### #.#
...##..## ##### #.#
........#######...######
#.#
...##...........#o.....#
#.#
...##..#######.o@o####.#
#.# .####..##### #.#.##
#.# #.# .# #......#
#.#.# #.# #.# .#
##.###.# #.#.# #.# #.#
## .# #.# #.###.#.# #.#
#.# #.
.#####.###.##....# #.#
#.# #.
.##.............## #.#
#.# #.
.##.######.##...### #.#
#.###. .##.#
#..........#
#.#####.##..


You could see an orc priest and 2 orcs.

Vanquished Creatures
  Ijyb (D:3)
  A hound skeleton (D:3)
  3 adders
  4 leopard geckos
  3 orcs
  A giant cockroach (D:1)
  5 goblins
  7 hobgoblins
  7 jackals
  9 bats
  3 frilled lizards
  4 kobolds
  6 rats
  2 fungi (D:3)
56 creatures vanquished.

Notes
Turn   | Place    | Note
-------+----------+-------------------------------------------
     0 | D:1      | gruber the Minotaur Fighter began the quest for the Orb.
     0 | D:1      | Reached XP level 1. HP: 19/19 MP: 0/0
   176 | D:1      | Reached skill level 3 in Polearms
   193 | D:1      | Reached XP level 2. HP: 21/26 MP: 1/1
   459 | D:1      | Reached skill level 4 in Polearms
   871 | D:2      | Reached XP level 3. HP: 29/31 MP: 2/2
   885 | D:2      | Noticed Sigmund
  1041 | D:2      | Found a shattered altar of Ashenzari.
  1297 | D:2      | Noticed Robin
  1339 | D:3      | Reached skill level 5 in Polearms
  1391 | D:3      | Reached XP level 4. HP: 39/39 MP: 3/3
  1539 | D:3      | Found a basalt altar of Yredelemnul.
  1621 | D:3      | Found a hazy altar of Hepliaklqana.
  1659 | D:3      | Noticed Ijyb
  1675 | D:3      | Killed Ijyb
  1675 | D:3      | Reached skill level 6 in Polearms
  2181 | D:3      | Found a stormy altar of Qazlal.
  2368 | D:3      | Found a runed translucent door.
  2369 | D:3      | Noticed Crazy Yiuf
  2456 | D:3      | Killed from afar by an orc priest

Illustrated notes

Levels and vault maps discovered:
D:1:      psy_arrival_conway, layout_rooms, minmay_pentomino_x2
D:2:      layout_rooms, old_standard_altar, ashenzari_conservatory_becter,
          minmay_misc_feat_encased, minmay_cut_off, uniq_robin, uniq_sigmund
D:3:      layout_loops_ring, lemuel_coloured_pillars_altar,
          lemuel_crystal_altar, marbit_many_paths, first_ration, uniq_ijyb,
          uniq_crazy_yiuf_cottage
D:4:      layout_cave_pods, serial_shops, nicolae_shop_behind_doors

Skill      XL: |  1  2  3  4 |
---------------+-------------+-----
Polearms       | 3 4 5 6 |  6.2
Fighting       | |  3.6
Armour         | |  3.6
Shields        | |  3.6

Action                   |  1- 3 |  4- 6 || total
-------------------------+-------+-------++-------
Melee: Trident           |   147 |    76 ||   223
       Headbutt          |     6 |     8 ||    14
  Use: Scroll            |     7 |       ||     7
       Potion            |       |     1 ||     1
  Eat: Chunk             |     2 |     3 ||     5
Armor: Scale mail        |    55 |    26 ||    81
Dodge: Dodged            |    19 |    13 ||    32
Block: Kite shield       |    71 |    31 ||   102
